serge_lutens, lawful male human Archeologist ---- ...| ...- ..@.- &@@ ..& serge_lutens the Speleologist Experience level: 24 Strength: 18/46 Dexterity: 18 Constitution: 18 Intelligence: 18 Wisdom: 18 Charisma: 12 Health: 0(248) Energy: 165(165) Def: 38 Gold: 167 Moves: 64670 Dungeon seed: 6YlpxvMhHER124xl Game ID: serge_lutens_1527681140 Your Inventory: Coins $ - 167 gold pieces Amulets d - the cursed Amulet of Yendor i - a cursed amulet of ESP j - an uncursed amulet of magical breathing (being worn) G - an uncursed amulet of life saving Weapons t - the +6 Grayswandir (weapon in hand) Q - 5 +1 daggers R - 7 +6 boomerangs (in quiver) Armor a - a blessed +2 pair of levitation boots (being worn) e - an uncursed fireproof +5 cloak of magic resistance (being worn) m - a blessed fireproof +5 pair of leather gloves (being worn) r - an uncursed +0 elven shield (being worn) y - an uncursed greased +4 silver dragon scale mail (being worn) P - a blessed fireproof +4 pair of speed boots Y - a blessed greased fireproof +7 elven leather helm (being worn) Comestibles h - 6 uncursed lumps of royal jelly p - an uncursed lizard corpse Potions s - 3 uncursed potions of full healing u - 3 uncursed potions of paralysis Rings l - an uncursed ring of teleport control z - an uncursed ring of free action (on left hand) E - an uncursed ring of levitation F - an uncursed ring of conflict (on right hand) S - an uncursed ring of slow digestion U - a cursed +5 ring of increase damage Wands b - a wand of striking (0:6) c - a wand of cold (0:4) g - a cursed wand of digging (0:7) v - a wand of death (1:7) A - a wand of sleep (0:6) B - a wand of magic missile (0:7) D - a wand of cancellation (0:4) L - a wand of slow monster (0:6) M - a wand of digging (0:3) T - a wand of create monster (0:11) V - a wand of lightning (0:4) W - a wand of lightning (0:7) X - a wand of sleep (0:5) Z - a wand of lightning (0:4) Tools f - a blessed +0 unicorn horn q - an uncursed stethoscope C - a blessed bag of holding I - an uncursed skeleton key N - a magic marker (0:38) Gems n - 4 uncursed diamonds J - a blessed luckstone Contents of the bag of holding: an uncursed amulet of life saving a blessed +0 pair of water walking boots 2 uncursed K-rations 5 uncursed food rations an uncursed lembas wafer 20 uncursed lumps of royal jelly an uncursed scroll of charging a blessed scroll of confuse monster a blessed scroll of enchant weapon 2 uncursed scrolls of remove curse 2 uncursed scrolls of scare monster an uncursed scroll of stinking cloud a blessed scroll of teleportation 5 uncursed scrolls of teleportation an uncursed spellbook of jumping a blessed potion of extra healing 9 uncursed potions of extra healing a cursed potion of extra healing 4 uncursed potions of full healing 2 cursed potions of full healing a blessed potion of healing 2 uncursed potions of healing 9 potions of holy water 2 uncursed potions of levitation 3 uncursed potions of paralysis 3 uncursed potions of restore ability a blessed potion of see invisible an uncursed potion of sickness a blessed potion of speed 2 uncursed potions of speed an uncursed potion of water an uncursed ring of fire resistance an uncursed ring of levitation an uncursed ring of polymorph control an uncursed +1 ring of protection an uncursed ring of shock resistance an uncursed ring of slow digestion an uncursed ring of sustain ability an uncursed ring of teleport control a cursed ring of teleportation a wand of cold (0:8) a wand of cold (0:1) a wand of create monster (0:14) a wand of create monster (0:11) a blessed wand of digging (0:8) a wand of digging (0:8) a wand of fire (0:8) a wand of fire (0:7) a wand of fire (0:6) a cursed wand of fire (0:6) a wand of fire (0:5) a wand of fire (0:4) a wand of lightning (0:7) a wand of magic missile (0:8) a wand of magic missile (0:6) a wand of magic missile (0:5) a wand of magic missile (0:5) a wand of magic missile (0:5) a wand of magic missile (0:4) a wand of make invisible (0:3) a wand of sleep (0:8) a wand of sleep (0:6) a wand of sleep (0:6) a wand of sleep (0:6) a wand of slow monster (0:6) a wand of striking (0:8) a wand of striking (0:8) a wand of striking (0:8) a wand of striking (0:7) a wand of striking (0:3) a wand of teleportation (0:8) a wand of teleportation (0:3) an uncursed blindfold a can of grease (0:13) a cursed expensive camera (0:93) an expensive camera (0:69) a cursed expensive camera (0:59) a magic marker (0:82) a magic marker (1:38) a blessed magic marker (1:13) a magic marker (0:6) 7 uncursed amethyst stones an uncursed aquamarine stone 3 uncursed black opals 4 uncursed citrine stones 9 uncursed emeralds 4 uncursed fluorite stones an uncursed garnet stone 5 uncursed jade stones an uncursed jasper stone an uncursed jet stone 2 uncursed luckstones an uncursed obsidian stone 3 uncursed opals 4 uncursed rubies 8 uncursed turquoise stones Spells and supernatural/magical abilities: Name Level Category Fail Memory d - dig 5* matter 100% 0% j - jumping 1 escape 82% 72% k - knock 1* matter 82% 0% l - light 1* divination 82% 0% m - magic missile 2* attack 82% 0% p - protection 1* clerical 82% 0% r - remove curse 3* clerical 85% 0% s - slow monster 2* enchantment 82% 0% u - confuse monster 2* enchantment 82% 0% x - extra healing 3* healing 85% 0% D - drain life 2* attack 82% 0% E - detect food 2* divination 82% 0% H - haste self 3* escape 85% 0% I - identify 3 divination 82% 72% L - levitation 4* escape 100% 0% M - magic mapping 5* divination 37% 0% O - create monster 2* clerical 82% 0% R - restore ability 4* healing 100% 0% S - stone to flesh 3* healing 85% 0% T - turn undead 6* clerical 100% 0% U - detect unseen 3* divination 82% 0% W - pray for help -- divine ? -- Your skills at the end: Fighting Skills two weapon combat [Basic] Weapon Skills dagger [Basic] pick-axe [Basic] saber [Expert] dart [Basic] boomerang [Expert] whip [Skilled] Spellcasting Skills divination spells [Expert] Final Attributes: You were the Hand of Elbereth. You were piously aligned. You were fire resistant. You were cold resistant. You were sleep resistant. You were shock resistant. You were poison resistant. You were magic-protected. You resisted hallucinations. You were sick from illness. You saw invisible. You were telepathic. You had automatic searching. You were clairvoyant. You were invisible to others. You were stealthy. You caused conflict. You were levitating. You could survive without air. You were fast. You had reflection. You had free action. You were extremely lucky. You had extra luck. Good luck did not time out for you. You are dead. Vanquished creatures: Asmodeus Orcus Yeenoghu Juiblex The Wizard of Yendor (10 times) a high priest 2 mastodons Medusa Croesus 17 krakens 5 iron golems 19 storm giants 13 balrogs The Minion of Huhetotl 11 purple worms 4 red dragons 7 white dragons 4 orange dragons 7 black dragons 2 blue dragons a green dragon 4 yellow dragons 26 minotaurs 5 jabberwocks 10 baluchitheria 2 Angels a demilich Vlad the Impaler 6 stone golems 7 master mind flayers 21 Olog-hai 4 Nazgul 13 pit fiends 4 sandestins 14 hell hounds 9 titanotheres 10 trappers a baby gray dragon a baby red dragon 12 disenchanters 34 vampire lords 6 shades 5 skeletons 10 aligned priests 8 captains 5 liches 4 water trolls 2 clay golems 9 nurses 8 ice devils 2 nalfeshnees 5 lurkers above 7 frost giants 4 ettins 3 black puddings 26 vampires 34 ghosts 14 lieutenants 3 queen bees 6 winged gargoyles 3 mind flayers 6 giant mimics 7 zruties 7 fire giants 11 ogre kings 4 ice trolls 8 rock trolls 12 umber hulks 6 flesh golems 10 Elvenkings 5 doppelgangers 17 hezrous 7 bone devils 18 large mimics 5 wumpuses 5 fire vortices 2 baby long worms 7 long worms 4 couatls 15 stalkers 9 air elementals 6 fire elementals 7 earth elementals 8 water elementals 16 hill giants 4 giant mummies 8 xorns 13 giant zombies 14 elf-lords 19 sergeants 2 water demons 9 barbed devils 11 vrocks 4 salamanders 23 wargs a winter wolf a hell hound pup 24 small mimics 4 glass piercers 3 warhorses 10 steam vortices 12 xans 6 ettin mummies 9 ogre lords 18 quantum mechanics 27 trolls a sasquatch 2 wood golems an erinys 4 mariliths a djinni 7 sharks 9 electric eels 7 gelatinous cubes 4 large dogs 3 freezing spheres 7 flaming spheres 10 shocking spheres 6 large cats 8 tigers 10 gargoyles a dwarf king a tengu 13 ochre jellies 13 leocrottas 11 energy vortices 5 mountain centaurs 2 stone giants 4 elf mummies 32 human mummies 5 red nagas 5 green slimes 14 pit vipers 15 pythons 15 cobras 61 wraiths 8 carnivorous apes 26 ettin zombies 5 leather golems 8 Grey-elves 121 soldiers 3 horned devils 5 succubi 7 incubi 3 chameleons 2 crocodiles 7 giant beetles 4 quivering blobs 20 cockatrices 14 wolves 9 winter wolf cubs 5 lynxes 3 panthers 45 gremlins 3 spotted jellies 41 leprechauns 9 orc-captains 8 iron piercers 4 mumakil 16 giant spiders 15 scorpions 6 horses 9 ice vortices 7 black lights 10 vampire bats 3 forest centaurs 10 gnome kings 7 orc mummies 7 dwarf mummies 9 ogres 5 brown puddings 15 rust monsters 10 owlbears 6 yetis 2 gold golems 4 werewolves 14 Green-elves 6 piranhas 26 giant eels 12 lizards 3 students 13 chickatrices 6 dogs 3 dingos 4 housecats 6 jaguars 3 blue jellies 6 gray unicorns 3 black unicorns 5 dust vortices 4 ravens 7 plains centaurs 6 gnome mummies 43 snakes 6 water moccasins 8 apes 21 human zombies 3 rope golems 3 Woodland-elves 3 soldier ants 14 fire ants 13 bugbears 5 imps 9 quasits 5 wood nymphs 7 water nymphs 6 mountain nymphs 11 Mordor orcs 25 Uruk-hai 4 orc shamans 12 rock piercers 4 rock moles a pony 5 fog clouds 17 yellow lights 3 shriekers 7 violet fungi 27 gnome lords 9 gnomish wizards 4 kobold mummies 2 red naga hatchlings a black naga hatchling 2 golden naga hatchlings 2 guardian naga hatchlings 7 gray oozes 3 barrow wights 15 elf zombies 19 ghouls 4 straw golems 2 paper golems 5 jellyfish 2 baby crocodiles 24 giant ants 9 floating eyes 2 kittens 14 dwarves 8 homunculi 2 kobold lords 5 kobold shamans 31 hill orcs 31 rothes 2 rabid rats 8 centipedes 6 giant bats a monkey 16 orc zombies 13 dwarf zombies a wererat a werejackal 15 iguanas 104 killer bees 6 acid blobs 4 coyotes 4 gas spores 5 hobbits 17 manes 6 large kobolds 12 hobgoblins 4 giant rats 9 cave spiders 5 brown molds 2 green molds 3 red molds 65 gnomes 74 garter snakes 14 gnome zombies 18 geckos 2 jackals a fox 3 kobolds 3 goblins 7 sewer rats 18 grid bugs 13 bats 7 lichens 26 kobold zombies 15 newts 2763 creatures vanquished. Genocided or extinct species: hobbits dwarves bugbears dwarf lords dwarf kings mind flayers master mind flayers liches demiliches master liches arch-liches soldiers (extinct) jellyfish piranhas sharks giant eels electric eels krakens 17 species genocided. 1 species extinct. Voluntary challenges: You had been an atheist until turn 2810. You used a wielded weapon 3757 times, starting on turn 116. You read items or engraved 546 times, starting on turn 483. You genocided 17 types of monsters, starting on turn 38229. You polymorphed 414 items, starting on turn 22772. You never changed form. You used 8 wishes, starting on turn 1108. You did not wish for any artifacts. You never split a pudding. You wrote Elbereth's name 43 times, starting on turn 1026. You violated your moral code, losing 54 points of alignment, starting on turn 2084. Dungeon overview: The Dungeons of Doom: levels 1 to 28 Level 1 stairs to The Elemental Planes Level 2 a fountain Level 3 stairs to The Gnomish Mines Level 4 Level 5 a general store Level 6 many fountains Level 7 a fountain stairs to Sokoban Level 8 some fountains Level 9 a fountain Level 10 Level 11 Level 12 a potion shop portal to The Quest Level 13 Level 14 Level 15 an altar to Quetzalcoatl, a sink Level 16 a fountain Level 17 a temple to Quetzalcoatl Level 18 Level 19 an altar to Huhetotl Level 20 a potion shop portal to Fort Ludios Level 21 a fountain, a sink Level 22 a fountain, a sink Level 23 Level 24 a fountain Level 25 Level 26 Level 27 Level 28 Gehennom: levels 29 to 49 Level 29 a temple to Moloch stairs to The Dungeons of Doom Level 30 Level 31 Level 32 Level 33 some fountains Level 34 Level 35 Level 36 Level 37 stairs to Vlad's Tower Level 38 Level 39 Level 40 Level 41 Level 42 some shops, an altar to Moloch Level 43 Level 44 Level 45 portal to Gehennom Level 46 portal to Gehennom Level 47 Level 48 Level 49 The Gnomish Mines: levels 4 to 12 Level 4 stairs to The Dungeons of Doom Level 5 Level 6 Level 7 many shops, a temple to Quetzalcoatl, some fountains, some trees Level 8 Level 9 Level 10 Level 11 Level 12 The Quest: levels 1 to 6 Level 1 a throne portal to The Dungeons of Doom Level 2 Level 3 some temples to Quetzalcoatl, Camaxtli, and Huhetotl Level 4 Level 5 Level 6 a temple to Huhetotl Sokoban: levels 3 to 6 Level 3 Level 4 Level 5 Level 6 stairs to The Dungeons of Doom Fort Ludios: Level 1 portal to The Dungeons of Doom Vlad's Tower: levels 34 to 36 Level 34 Level 35 Level 36 stairs to Gehennom The Elemental Planes: Astral Plane <- You were here Plane 4 portal to The Elemental Planes Plane 3 portal to The Elemental Planes Plane 2 portal to The Elemental Planes Plane 1 portal to The Elemental Planes History has recorded: On T:1 you entered the Dungeons of Doom to retrieve the Amulet of Yendor! On T:454 you reached level 2 of The Dungeons of Doom. On T:877 you advanced to experience level 2. On T:920 you reached level 3 of The Dungeons of Doom. On T:1020 you reached level 1 of The Gnomish Mines. On T:1056 you advanced to experience level 3. On T:1108 you wished for "blessed greased +2 silver dragon scale mail". On T:1147 you advanced to experience level 4. On T:1423 you reached level 2 of The Gnomish Mines. On T:1475 you advanced to experience level 5. On T:1823 you reached level 3 of The Gnomish Mines. On T:1839 you advanced to experience level 6. On T:2456 you reached level 4 of The Gnomish Mines. On T:2813 you advanced to experience level 7. On T:3268 you reached level 5 of The Gnomish Mines. On T:3768 you reached level 6 of The Gnomish Mines. On T:4067 you advanced to experience level 8. On T:4264 you received Grayswandir from Quetzalcoatl. On T:4709 you reached level 7 of The Gnomish Mines. On T:5129 you reached level 8 of The Gnomish Mines. On T:5709 you reached level 9 of The Gnomish Mines. On T:5900 you advanced to experience level 9. On T:8661 you reached level 4 of The Dungeons of Doom. On T:8983 you reached level 5 of The Dungeons of Doom. On T:10056 you reached level 6 of The Dungeons of Doom. On T:10549 you reached level 7 of The Dungeons of Doom. On T:10632 you reached level 4 of Sokoban. On T:10941 you reached level 3 of Sokoban. On T:11586 you reached level 2 of Sokoban. On T:11974 you reached level 1 of Sokoban. On T:13421 you advanced to experience level 10. On T:13750 you reached level 8 of The Dungeons of Doom. On T:14112 you reached level 9 of The Dungeons of Doom. On T:14365 you reached level 10 of The Dungeons of Doom. On T:14932 you reached level 11 of The Dungeons of Doom. On T:15310 you reached level 12 of The Dungeons of Doom. On T:15561 you reached level 1 of The Quest. On T:15948 you reached level 13 of The Dungeons of Doom. On T:16198 you reached level 14 of The Dungeons of Doom. On T:16846 you reached level 15 of The Dungeons of Doom. On T:17597 you advanced to experience level 11. On T:17641 you reached level 16 of The Dungeons of Doom. On T:17848 you reached level 17 of The Dungeons of Doom. On T:18225 you reached level 18 of The Dungeons of Doom. On T:18525 you reached level 19 of The Dungeons of Doom. On T:19331 you reached level 20 of The Dungeons of Doom. On T:19670 you reached level 21 of The Dungeons of Doom. On T:20116 you reached level 22 of The Dungeons of Doom. On T:20197 you reached level 24 of The Dungeons of Doom. On T:20514 you reached level 23 of The Dungeons of Doom. On T:20618 you advanced to experience level 12. On T:21146 you reached level 25 of The Dungeons of Doom. On T:21184 you advanced to experience level 13. On T:21184 you advanced to experience level 14. On T:21411 you reached level 26 of The Dungeons of Doom. On T:21500 you killed Medusa on level 26 of The Dungeons of Doom. On T:21524 you reached level 27 of The Dungeons of Doom. On T:21586 you reached The Castle. On T:22341 you wished for "fireproof Cloak of magic resistance". On T:22354 you wished for "blessed figurine of an Archon". On T:23210 you reached The Valley of the Dead. On T:26219 you reached Fort Ludios. On T:27494 you wished for "blessed magic marker". On T:28076 you advanced to experience level 15. On T:28993 you were crowned as the Hand of Elbereth! On T:30879 you advanced to experience level 16. On T:31100 you embarked upon an epic quest. On T:31255 you reached level 2 of The Quest. On T:31504 you reached level 3 of The Quest. On T:32061 you reached level 4 of The Quest. On T:32244 you reached level 5 of The Quest. On T:32555 you reached level 6 of The Quest. On T:32859 you advanced to experience level 17. On T:33056 you killed Minion of Huhetotl on level 6 of The Quest. On T:34098 you completed the quest! On T:38300 you wished for "uncursed magic marker". On T:38300 you wished for "blessed magic marker". On T:40413 you wished for "blessed fireproof +2 speed boots". On T:41703 you wished for "amulet of life saving". On T:42000 you advanced to experience level 18. On T:42537 you received Ogresmasher from Quetzalcoatl. On T:43738 you reached level 2 of Gehennom. On T:44543 you reached level 3 of Gehennom. On T:45086 you reached level 4 of Gehennom. On T:45924 you reached level 5 of Gehennom. On T:46004 you killed Juiblex on level 5 of Gehennom. On T:46239 you reached level 6 of Gehennom. On T:47219 you reached level 7 of Gehennom. On T:48114 you reached level 8 of Gehennom. On T:48968 you reached level 9 of Gehennom. On T:49085 you reached level 3 of Vlad's Tower. On T:49208 you reached level 2 of Vlad's Tower. On T:49308 you reached level 1 of Vlad's Tower. On T:49415 you killed Vlad the Impaler on level 1 of Vlad's Tower. On T:49590 you advanced to experience level 19. On T:50030 you advanced to experience level 20. On T:50191 you reached level 10 of Gehennom. On T:50998 you reached level 11 of Gehennom. On T:51638 you reached level 12 of Gehennom. On T:52555 you reached level 13 of Gehennom. On T:53248 you reached level 14 of Gehennom. On T:54187 you reached level 15 of Gehennom. On T:55139 you reached level 16 of Gehennom. On T:55627 you reached level 17 of Gehennom. On T:56501 you reached level 18 of Gehennom. On T:56875 you reached level 19 of Gehennom. On T:57454 you reached level 20 of Gehennom. On T:59359 you advanced to experience level 21. On T:59500 you advanced to experience level 22. On T:60150 you killed Wizard of Yendor on level 15 of Gehennom. On T:60416 you performed the invocation. On T:60583 you advanced to experience level 23. On T:61016 you killed Wizard of Yendor on level 21 of Gehennom. On T:61711 you killed Wizard of Yendor on level 20 of Gehennom. On T:61712 you gained the Amulet of Yendor! On T:61877 you killed Orcus on level 14 of Gehennom. On T:61892 you killed Wizard of Yendor on level 14 of Gehennom. On T:62244 you killed Yeenoghu on level 5 of Gehennom. On T:62850 you killed Asmodeus in The Valley of the Dead. On T:62856 you killed Wizard of Yendor in The Valley of the Dead. On T:63253 you lost the Amulet of Yendor. On T:63258 you gained the Amulet of Yendor! On T:63284 you killed Wizard of Yendor on level 19 of The Dungeons of Doom. On T:63782 you reached the Plane of Earth. On T:63798 you killed Wizard of Yendor on the Plane of Earth. On T:63804 you killed Wizard of Yendor on the Plane of Earth. On T:63992 you reached the Plane of Air. On T:64132 you reached the Plane of Fire. On T:64302 you advanced to experience level 24. On T:64333 you reached the Plane of Water. On T:64656 you reached the Astral Plane. Score breakdown: Gold: 167 ( 7569 points) Experience: 24 levels (26716 points) Exploration: 49 levels (100.00%) (30000 points) Discoveries: 184 items ( 61.95%) (23613 points) Valuables value: (no points given unless you survive) Artifact value: 8000 (13277 points) Variety of kills: 277 monsters ( 72.70%) (25579 points) Turncount: 64670 turns (-5136 points) Survival: died (score multiplied by 80%) Total score: 97294 Latest messages: You can move again. You attack thin air. Famine reaches out, and your body shrivels. Famine touches you! The priestess of Moloch hits! The priestess of Moloch kicks! Pestilence reaches out, and you feel fever and chills. You feel deathly sick. Pestilence touches you! The priest of Moloch hits! The priest of Moloch kicks! You hear a mumbled curse. You can see again. You feel a bit steadier now. Famine reaches out, and your body shrivels. Famine touches you! The priestess of Moloch swings her mace. The priestess of Moloch misses. (2x) The priestess of Moloch casts a spell at you! You feel momentarily dizzy. Pestilence reaches out, and you feel fever and chills. You feel much worse. Pestilence touches you! You die... Final status: Goodbye serge_lutens the Archeologist, killed by Pestilence (with the Amulet)... You died in The Astral Plane with 97294 points, and 167 pieces of gold, after 64670 moves. You were level 24 with a maximum of 248 hit points when you died.